 Dungeon Crawl Stone Soup version 0.30-a0-557-ge2afbf3030 (webtiles) character file.

Game seed: 12158856822346908662

17 cforsyth the Ruffian (level 2, -1/23 HPs)
             Began as a Draconian Transmuter on Dec 27, 2022.
             Slain by Terence
             ... wielding a +0 hand axe
              (7 damage)
             ... on level 2 of the Dungeon.
             The game lasted 00:02:10 (1059 turns).

cforsyth the Ruffian (Draconian Transmuter)         Turns: 1059, Time: 00:02:11

Health: -1/23      AC:  4    Str: 12    XL:     2   Next: 44%
Magic:  5/5        EV: 12    Int: 13    God:
Gold:   107        SH:  0    Dex: 11    Spells: 4/5 levels left

rFire   . . .      SeeInvis .      - Unarmed
rCold   . . .      Faith    .    (no shield)
rNeg    . . .      Spirit   .    (body armour unavailable)
rPois   .          Reflect  .    (helmet restricted)
rElec   .          Harm     .    (no cloak)
rCorr   .          Rampage  .    (no gloves)
Will    .....                    (no boots)
Stlth   +                        (no amulet)
HPRegen 0.23/turn                (no ring)
MPRegen 0.09/turn                (no ring)

@: no status effects
A: AC +4, unfitting armour, cold-blooded
a: no special abilities


You were on level 2 of the Dungeon.
You visited 1 branch of the dungeon, and saw 2 of its levels.

You collected 107 gold pieces.

Inventory:

Jewellery
 d - a ring of willpower
Scrolls
 b - 4 scrolls of identify {unknown}
 g - a scroll of blinking {unknown}
Potions
 a - a potion of lignification
 c - a potion of curing {unknown}
 e - a potion of degeneration {unknown}
 f - 2 potions of ambrosia {unknown}


   Skills:
 + Level 1.5 Fighting
 + Level 2.0 Dodging
 + Level 3.1 Unarmed Combat
 + Level 2.2 Spellcasting
 + Level 2.2 Transmutations


You had 4 spell levels left.
You knew the following spells:

 Your Spells              Type           Power      Damage    Failure   Level
a - Beastly Appendage     Tmut           14%        N/A       10%         1

Your spell library contained the following spells:

 Spells                   Type           Power      Damage    Failure   Level
 Wereblood                Tmut           7%         N/A       16%         2
 Spider Form              Tmut/Pois      4%         N/A       43%         3
 Ice Form                 Ice/Tmut       4%         N/A       83%         4


Dungeon Overview and Level Annotations

Branches:
Dungeon (2/15)

Altars:

Annotations:
D:1 1 transporter
D:2 Terence


Innate Abilities, Weirdness & Mutations

Your plain brown scales are hard. (AC +4)
You cannot fit into any form of body armour.
You are cold-blooded and may be slowed by cold attacks.


Message History

You hit Terence but do no damage. You headbutt Terence.
Terence is heavily wounded.
Terence completely misses you.
You barely miss Terence. Your kick misses Terence.
Terence is heavily wounded.
Terence closely misses you.
You hit Terence but do no damage.
Terence is heavily wounded.
Terence hits you with a +0 hand axe.
You hit Terence. Your kick misses Terence.
You headbutt Terence, but do no damage.
Your tail-slap misses Terence.
Terence is severely wounded.
Terence hits you but does no damage.
You hit Terence.
Terence is almost dead.
Your horns disappear.
Your talons disappear.
Terence hits you with a +0 hand axe.
You barely miss Terence.
Terence is almost dead.
Terence hits you with a +0 hand axe!
* * * LOW HITPOINT WARNING * * *
You are too injured to fight recklessly!
You are too injured to fight recklessly!
You are too injured to fight recklessly!
You are too injured to fight recklessly!
You are too injured to fight recklessly!
You are too injured to fight recklessly!
You are too injured to fight recklessly!
You are too injured to fight recklessly!
You hit Terence but do no damage.
You tail-slap Terence, but do no damage.
Terence is almost dead.
Terence barely misses you.
You hit Terence but do no damage.
Your tail-slap misses Terence.
Terence is almost dead.
Terence barely misses you.
You hit Terence but do no damage.
Terence is almost dead.
Terence hits you with a +0 hand axe!
You die...

###...#
##.....#.#
#...#
##......#.#
##.##
#....†.##.#
#.#
##...####.#
####.#
####..####.#
.....#
#..........#
######
#.##.##.####
# #.##>##
..#.@@#
##..<)....#
#.......##
.......[##
#####...##
##.## ...
...


You could see Terence.

Vanquished Creatures
  2 bats
  2 endoplasms (D:1)
  3 giant cockroaches (D:1)
  2 goblins
  2 hobgoblins
  A frilled lizard (D:1)
  2 kobolds (D:1)
  A rat (D:2)
15 creatures vanquished.

Notes
Turn   | Place    | Note
-------+----------+-------------------------------------------
     0 | D:1      | cforsyth the Draconian Transmuter began the quest for the
                  | Orb.
     0 | D:1      | Reached XP level 1. HP: 16/16 MP: 3/3
   336 | D:1      | Reached XP level 2. HP: 23/23 MP: 3/5
  1045 | D:2      | Noticed Terence
  1059 | D:2      | Slain by Terence

Illustrated notes

Levels and vault maps discovered:
D:1:      spicycebolla_arrival_risky_transporter, layout_basic,
          hangedman_decor_slide_cut, minmay_door_square, chequers_avenue,
          chequers_jeans, hangedman_glass_teeth
D:2:      layout_loops_cross, uniq_crazy_yiuf_cottage, uniq_terence, uniq_robin

Skill      XL: |  1  2 |
---------------+-------+-----
Dodging        | 2 |  2.0
Fighting       | |  1.5
Unarmed Combat | |  3.1
Spellcasting   | |  2.2
Transmutations | |  2.2

Action                   || total
-------------------------++-------
Melee: Unarmed           ||    63
       Tailslap          ||    10
       Kick              ||     5
       Headbutt          ||     4
 Cast: Beastly Appendage ||    16
Armor: Skin              ||    20
Dodge: Dodged            ||    43

Table legend: (Time is in decaauts)
 A = Elapsed time spent in this place.
 B = Non-inter-level travel time spent in this place.
 C = Inter-level travel time spent in this place.
 D = Time resting spent in this place.
 E = Time spent auto-exploring this place.
 F = Levels seen in this place.
 G = Mean time per level.
                   A        B        C        D        E       F      G
               +--------+--------+--------+--------+--------+-----+--------+
         Total |   1056 |   1030 |     26 |      0 |    773 |   2 |  528.0 |
       Dungeon |   1056 |   1030 |     26 |      0 |    773 |   2 |  528.0 |
               +--------+--------+--------+--------+--------+-----+--------+

Top non-repeatable levels by time:
     D:1: 856 daAuts
     D:2: 200 daAuts
